 Dungeon Crawl Stone Soup version 0.30-a0-6-g7c9e10e132 (webtiles) character file.

Game seed: 1209754523844280739

1332 greenreed the Fiendish (level 8, -3/68 HPs)
             Began as a Ghoul Monk on Aug 22, 2022.
             Was a Priest of Makhleb.
             Slain by a gnoll
             ... wielding a +0 club
             ... led by a gnoll bouda
              (4 damage)
             ... on level 6 of the Dungeon.
             The game lasted 00:10:42 (4531 turns).

greenreed the Fiendish (Ghoul Monk)                 Turns: 4531, Time: 00:10:42

Health: -3/68      AC:  4    Str: 17    XL:     8   Next: 61%
Magic:  11/11      EV: 14    Int:  7    God:    Makhleb [***...]
Gold:   355        SH:  0    Dex: 20    Spells: 4/7 levels left

rFire   + . .      SeeInvis .    p - +8 quarterstaff of Xaysyram {elec, rF+ Int+2 Dex+6}
rCold   + . .      Faith    .    (shield currently unavailable)
rNeg    + + +      Spirit   .    a - +0 robe
rPois   ∞          Reflect  .    x - +1 hat
rElec   .          Harm     .    (no cloak)
rCorr   .          Rampage  .    (no gloves)
Will    .....                    j - +0 pair of boots
Stlth   +++.......               (no amulet)
HPRegen 0.00/turn                k - ring of flight
MPRegen 0.12/turn                w - ring "Nauki" {Wiz rN+ Dex+3}

@: weakened, flying, inhibited regen
A: claws 1, cold resistance 1, negative energy resistance 3, inhibited
regeneration, torment resistance 2, devour on kill
a: Renounce Religion, Minor Destruction, Lesser Servant of Makhleb


You were on level 6 of the Dungeon.
You worshipped Makhleb.
Makhleb was most pleased with you.
You visited 2 branches of the dungeon, and saw 7 of its levels.

You collected 355 gold pieces.

Inventory:

Hand Weapons
 p - the +8 quarterstaff of Xaysyram (weapon) {elec, rF+ Int+2 Dex+6}
   (You found it on level 3 of the Dungeon)

   It occasionally discharges a powerful burst of electricity upon striking a
   foe.
   Int:       It affects your intelligence (+2).
   Dex:       It affects your dexterity (+6).
   rF:        It protects you from fire.
Missiles
 o - a throwing net
Armour
 a - a +0 robe (worn)
 j - a +0 pair of boots (worn)
 x - a +1 hat (worn)
Jewellery
 k - a ring of flight (left claw)
 n - a ring of fire
 w - the ring "Nauki" (right claw) {Wiz rN+ Dex+3}
   (You found it on level 5 of the Dungeon)

   [ring of wizardry]

   It improves your spell success rate.
   Dex:       It affects your dexterity (+3).
   rN:        It protects you from negative energy.
Wands
 s - a wand of iceblast (5)
 z - a wand of quicksilver (6)
Scrolls
 c - 5 scrolls of identify {unknown}
 d - 3 scrolls of immolation {unknown}
 h - a scroll of fear {unknown}
 l - a scroll of magic mapping {unknown}
 r - 2 scrolls of teleportation {unknown}
 t - a scroll of amnesia {unknown}
 u - 2 scrolls of blinking {unknown}
 v - a scroll of fog {unknown}
 y - a scroll of vulnerability {unknown}
Potions
 e - a potion of haste {unknown}
 f - a potion of berserk rage {unknown}
 g - 2 potions of degeneration {unknown}
 i - a potion of heal wounds {unknown}
 m - a potion of attraction {unknown}
 q - a potion of resistance {unknown}
 A - a potion of curing {unknown}


   Skills:
 * Level 5.1 Fighting
 * Level 4.6 Staves
 + Level 3.9 Dodging
 + Level 3.6 Stealth
 + Level 5.0 Unarmed Combat
 * Level 2.6 Ice Magic
 * Level 5.4 Invocations


You had 4 spell levels left.
You knew the following spells:

 Your Spells              Type           Power      Damage    Failure   Level
a - Frozen Ramparts       Ice            6%         1d1       19%         3

Your spell library contained the following spells:

 Spells                   Type           Power      Damage    Failure   Level
 Freeze                   Ice            12%        1d4       6%          1
 Hailstorm                Conj/Ice       1%         3d3       69%         4
 Summon Hydra             Summ           0%         N/A       100%        7
 Sublimation of Blood     Necr           Unusable   N/A       N/A         2
 Wereblood                Tmut           Unusable   N/A       N/A         2

Dungeon Overview and Level Annotations

Branches:
Dungeon (6/15)             Temple (1/1) D:4

Altars:
Cheibriados
Dithmenos
Gozag
Hepliaklqana
Makhleb
Nemelex Xobeh
Okawaru
Qazlal
Ru
Sif Muna
Trog
Uskayaw
Vehumet
Wu Jian
Yredelemnul


Innate Abilities, Weirdness & Mutations

You are immune to poison.
You have sharp fingernails.
Your flesh is cold resistant. (rC+)
You are immune to negative energy. (rN+++)
You do not regenerate when monsters are visible.
You are immune to unholy pain and torment.
You thrive by killing the living.


Message History

You rip the net and break free!
The gnoll barely misses you. x2
The gnoll closely misses you.
The gnoll hits you from afar with a +0 halberd!
* * * LOW HITPOINT WARNING * * *
The gnoll hits you with a +0 club.
* * * LOW HITPOINT WARNING * * *
You are confused.
You feel invigorated.
The gnoll hits you from afar with a +0 halberd.
* * * LOW HITPOINT WARNING * * *
The gnoll misses you.
You bump into the rock wall.
The gnoll hits you from afar with a +0 halberd.
* * * LOW HITPOINT WARNING * * *
The gnoll barely misses you. The gnoll misses you.
You hit the gnoll.
The gnoll is severely wounded.
The gnoll hits you from afar with a +0 halberd.
* * * LOW HITPOINT WARNING * * *
The gnoll closely misses you.
You closely miss the gnoll bouda. The gnoll closely misses you.
The gnoll misses you.
You bump into the rock wall.
The gnoll bouda hits you with a +0 club!
* * * LOW HITPOINT WARNING * * *
The gnoll barely misses you. The gnoll closely misses you.
You're too confused to move!
You feel less invigorated.
You feel less confused.
The gnoll bouda gazes fiercely through you!
You feel your attacks grow feeble.
The gnoll bouda hits you with a +0 club!
* * * LOW HITPOINT WARNING * * *
The gnoll hits you with a +0 club.
* * * LOW HITPOINT WARNING * * *
The gnoll hits you from afar with a +0 halberd!
* * * LOW HITPOINT WARNING * * *
You barely miss the gnoll.
The gnoll is severely wounded.
The gnoll bouda misses you. The gnoll hits you with a +0 club.
You die...

#.### .... ..#. #.# #.#.
### ..# #... #.# ..# #
#.). #.# ..# .## #... #.#
..##.... .o. #.# ...#...
...###g####.# .....#
.......g@...# ...#.#
.......##g####### >....#
................. ...###
#########.######. .###
#.........#.# .#
#.##.####.#.# .#
#.#.....#.#.# .#
#.#..#..#.#.#
.#############.#.....#.#.#


You could see a gnoll bouda, an orc wizard and 2 gnolls.

Vanquished Creatures
  Grinder (D:6)
  A black bear (D:6)
  An ice beast (D:6)
  2 ogres
  A centaur (D:5)
  A necrophage (D:5)
  2 scorpions
  A bullfrog (D:6)
  2 hounds (D:5)
  4 jellies
  An orc priest (D:5)
  2 iguanas
  2 gnolls (D:6)
  5 adders
  2 white imps
  2 ufetubi
  A worm (D:4)
  14 orcs
  5 ball pythons
  7 bats
  8 endoplasms
  A giant cockroach (D:2)
  11 goblins
  9 hobgoblins
  10 jackals
  9 kobolds
  4 quokkas
  A frilled lizard (D:1)
  13 rats
  A spectral hobgoblin (D:1)
124 creatures vanquished.

Notes
Turn   | Place    | Note
-------+----------+-------------------------------------------
     0 | D:1      | greenreed the Ghoul Monk began the quest for the Orb.
     0 | D:1      | Reached XP level 1. HP: 19/19 MP: 0/0
   265 | D:1      | Reached XP level 2. HP: 20/26 MP: 1/1
   544 | D:1      | Reached XP level 3. HP: 18/33 MP: 2/2
   889 | D:1      | Found a faded altar of an unknown god.
  1551 | D:2      | Reached XP level 4. HP: 35/40 MP: 3/3
  2608 | D:3      | Identified the +8 quarterstaff of Xaysyram {elec, rF+ Int+2
                  | Dex+6}
  2619 | D:3      | Noticed a moth of wrath
  2622 | D:3      | Found a bloodstained altar of Trog.
  2634 | D:3      | Reached XP level 5. HP: 46/46 MP: 4/4
  2807 | D:3      | Found a sparkling altar of Nemelex Xobeh.
  2850 | D:3      | Found a hazy altar of Hepliaklqana.
  3103 | D:4      | Found a staircase to the Ecumenical Temple.
  3126 | Temple   | Entered the Ecumenical Temple
  3179 | Temple   | Became a worshipper of Makhleb the Destroyer
  3179 | Temple   | Reached * piety under Makhleb
  3179 | Temple   | Reached ** piety under Makhleb
  3409 | D:5      | Entered Level 5 of the Dungeon
  3422 | D:5      | Noticed a centaur
  3428 | D:5      | Killed a centaur
  3429 | D:5      | Reached skill level 1 in Staves
  3429 | D:5      | Reached XP level 6. HP: 44/52 MP: 5/5
  3433 | D:5      | Reached skill level 5 in Unarmed Combat
  3433 | D:5      | Reached skill level 1 in Invocations
  3548 | D:5      | Identified the ring "Nauki" {Wiz rN+ Dex+3}
  3555 | D:5      | Learned a level 3 spell: Frozen Ramparts
  3569 | D:5      | Found a radiant altar of Vehumet.
  3633 | D:5      | Found a shimmering blue altar of Sif Muna.
  3637 | D:5      | Reached XP level 7. HP: 58/60 MP: 7/7
  3675 | D:5      | Reached skill level 1 in Ice Magic
  4194 | D:6      | Reached XP level 8. HP: 54/67 MP: 9/9
  4348 | D:6      | Noticed Grinder
  4365 | D:6      | Reached skill level 5 in Fighting
  4366 | D:6      | Killed Grinder
  4367 | D:6      | Reached skill level 5 in Invocations
  4372 | D:6      | Reached *** piety under Makhleb
  4530 | D:6      | HP: 1/68 [gnoll/+0 halberd[a gnoll bouda] (7)]
  4531 | D:6      | Slain by a gnoll

Illustrated notes

Levels and vault maps discovered:
D:1:      kilobyte_arrival_exit_the_forest, layout_loops_cross,
          dreamdust_ecumenical_altar_drowned_temple, minmay_hexomino_u4
D:2:      layout_basic, minmay_misc_feat_iff, chequers_serial_rivers_small_b,
          grunt_ministairs_3
D:3:      layout_rooms, nicolae_hepliaklqana_hippocampus,
          nemelex_dance_club_becter, tgw_trog, chequers_mini_garden
D:4:      layout_basic, minmay_temple_entry_offerings
D:5:      layout_rooms, lemuel_round_altar, fiery_altar_vehumet
D:6:      layout_basic, kennysheep_minor_cross, uniq_grinder,
          uniq_prince_ribbit1
Temple:   cyrus_circular_temple

Skill      XL: |  1  2  3  4  5  6  7  8 |
---------------+-------------------------+-----
Dodging        | 3 |  3.9
Unarmed Combat | 4 5 |  5.0
Fighting       | 4 5 |  5.1
Staves         | 1 3 4 |  4.6
Stealth        | 3 |  3.6
Invocations    | 2 3 5 |  5.4
Ice Magic      | 2 |  2.6

Action                   |  1- 3 |  4- 6 |  7- 9 || total
-------------------------+-------+-------+-------++-------
Melee: Unarmed           |   121 |    66 |       ||   187
       Punch             |     5 |     1 |       ||     6
       Quarterstaff      |       |    49 |    48 ||    97
Invok: Minor Destruction |       |    10 |    42 ||    52
  Use: Potion            |       |       |     1 ||     1
 Stab: Sleeping          |     5 |     5 |     1 ||    11
       Distracted        |     1 |       |       ||     1
Armor: Robe              |    28 |    24 |     7 ||    59
Dodge: Dodged            |    67 |    80 |    51 ||   198

Table legend: (Time is in decaauts)
 A = Elapsed time spent in this place.
 B = Non-inter-level travel time spent in this place.
 C = Inter-level travel time spent in this place.
 D = Time resting spent in this place.
 E = Time spent auto-exploring this place.
 F = Levels seen in this place.
 G = Mean time per level.
                   A        B        C        D        E       F      G
               +--------+--------+--------+--------+--------+-----+--------+
         Total |   4545 |   4388 |    157 |     15 |   3512 |   7 |  649.3 |
       Dungeon |   4484 |   4333 |    151 |     15 |   3470 |   6 |  747.3 |
        Temple |     60 |     54 |      6 |      0 |     42 |   1 |   60.0 |
               +--------+--------+--------+--------+--------+-----+--------+

Top non-repeatable levels by time:
     D:1: 1452 daAuts
     D:2: 1015 daAuts
     D:5: 739 daAuts
     D:3: 489 daAuts
     D:4: 397 daAuts
     D:6: 390 daAuts
  Temple: 60 daAuts
